 Dungeon Crawl Stone Soup version 0.19-a0-1743-g6dcb786 (webtiles) character file.

2351 Levianaught the Basher (level 9, 0/81 HPs)
             Began as a Minotaur Berserker on Oct 1, 2016.
             Was an Elder of Trog.
             Succumbed to a killer bee's poison
             ... on level 7 of the Dungeon.
             The game lasted 00:16:35 (7021 turns).

Levianaught the Basher (Minotaur Berserker)         Turns: 7021, Time: 00:16:36

Health: 0/81       AC:  5    Str: 22 (24) XL:     9   Next: 20%
Magic:  8/8        EV: 12    Int:  1 (4)  God:    Trog [****..]
Gold:   352        SH:  0    Dex: 10 (11) Spells: 0 memorised, 8 levels left

rFire  . . .     SeeInvis .     D - +3 flail (curse)
rCold  . . .     Gourm    .     r - +1 robe {MR+}
rNeg   . . .     Faith    .     (no shield)
rPois  .         Spirit   .     (helmet restricted)
rElec  .         Dismiss  .     (no cloak)
rCorr  .         Reflect  .     (no gloves)
MR     +....     Harm     .     m - +0 pair of boots
Stlth  +.........               (no amulet)
                                (no ring)
                                (no ring)

@: lethally poisoned (0 -> -34), exhausted, slowed, very slow
A: retaliatory headbutt, horns 2, mutation resistance 1
a: Berserk, Trog's Hand, Brothers in Arms, Burn Spellbooks, Renounce Religion


You were on level 7 of the Dungeon.
You worshipped Trog.
Trog was greatly pleased with you.
You were full.

You visited 1 branch of the dungeon, and saw 7 of its levels.
You also visited: Sewer.

You collected 352 gold pieces.

Inventory:

Hand Weapons
 D - a cursed +3 flail (weapon)
Armour
 m - a +0 pair of boots (worn)
 r - a +1 robe of magic resistance (worn)
Jewellery
 a - an uncursed ring of protection from cold {unknown}
Wands
 y - a wand of lightning (7/15)
Scrolls
 d - 3 scrolls of remove curse
 e - 3 scrolls of immolation
 f - 2 scrolls of blinking {unknown}
 i - 5 scrolls of teleportation
 q - 3 scrolls of fog
 t - 2 scrolls of random uselessness
 u - a scroll of enchant weapon {unknown}
 A - a scroll of magic mapping {unknown}
Potions
 b - a potion of haste
 c - 3 potions of degeneration
 h - a potion of invisibility
 l - a potion of heal wounds
 x - 2 potions of flight
 C - a potion of might
 E - a potion of magic {unknown}
 G - a potion of lignification
Comestibles
 g - 2 chunks of flesh
 B - a meat ration


   Skills:
 + Level 8.1 Fighting
 - Level 9.1 Maces & Flails
 - Level 7.8 Armour
 - Level 2.1 Dodging
 + Level 5.6 Unarmed Combat


You had 8 spell levels left.
You didn't know any spells.

Dungeon Overview and Level Annotations

Branches:
Dungeon (7/15)             Temple (0/1) D:6

Altars:
Cheibriados


Innate Abilities, Weirdness & Mutations

You reflexively headbutt those who attack you in melee.
You have a pair of horns on your head.
You are somewhat resistant to further mutation.


Message History

You sock the killer bee!
The killer bee is almost dead.
* * * LOW HITPOINT WARNING * * *
You feel sick. The killer bee barely misses you.
You bludgeon the killer bee!!
You kill the killer bee!
Trog accepts your kill.
* * * LOW HITPOINT WARNING * * *
You feel very sick.
You are too berserk!
* * * LOW HITPOINT WARNING * * *
You feel sick.
You see here a killer bee corpse.
You feel a strong urge to attack something.
* * * LOW HITPOINT WARNING * * *
You feel sick.
You are no longer berserk.
You are exhausted.
You feel yourself slow down.
You die...

..... ....# ...#
.... #..##..#
##.....$# ## .
#.$...# #.. ..
##.#...####..#
...#............
#..........#...#
#........@...###
....##......##
#.. ###.†..# #.
#)...# # #.<.##
#...# #####


There were no monsters in sight!

Vanquished Creatures
  The ghost of Akrius the Changer, a novice MfTm of Ashenzari (D:6)
  Sigmund (D:3)
  Menkaure (D:4)
  An ice beast (D:5)
  An ogre (D:7)
  3 centaurs
  2 big kobolds (Sewer)
  A scorpion (D:4)
  3 killer bees (D:7)
  4 wights (D:6)
  A howler monkey (D:4)
  A crimson imp (D:5)
  A bullfrog zombie (D:5)
  A centaur zombie (D:5)
  2 orc priests
  4 orc wizards
  A centaur skeleton (D:6)
  3 worker ants
  Natasha (twice) (D:4)
  2 iguanas (D:6)
  A worker ant zombie (D:6)
  Robin (D:3)
  8 adders
  A river rat (Sewer)
  2 shadow imps
  An ooze (D:2)
  An adder skeleton (D:6)
  3 worms
  3 dart slugs
  6 leopard geckos
  17 orcs
  7 giant cockroaches
  15 goblins
  9 hobgoblins
  3 jackals (D:5)
  A quokka (D:6)
  3 ball pythons
  10 bats
  7 frilled lizards
  9 kobolds
  10 rats
154 creatures vanquished.

Notes
Turn   | Place    | Note
-------+----------+-------------------------------------------
     0 | D:1      | Levianaught the Minotaur Berserker began the quest for the Orb.
     0 | D:1      | Reached XP level 1. HP: 19/19 MP: 0/0
   308 | D:1      | Reached XP level 2. HP: 23/27 MP: 1/1
   353 | D:1      | Reached skill level 4 in Maces & Flails
  1157 | D:2      | Reached XP level 3. HP: 34/34 MP: 2/2
  1259 | D:2      | Reached ** piety under Trog
  1658 | D:2      | Reached skill level 5 in Maces & Flails
  1773 | D:2      | Reached XP level 4. HP: 41/41 MP: 3/3
  1873 | D:3      | Noticed Robin
  1892 | D:3      | Reached skill level 5 in Fighting
  1901 | D:3      | Killed Robin
  2157 | D:3      | Reached XP level 5. HP: 15/48 MP: 4/4
  2160 | D:3      | Reached *** piety under Trog
  2418 | D:3      | Noticed a centaur
  2427 | D:3      | Killed a centaur
  2427 | D:3      | Reached skill level 6 in Maces & Flails
  2802 | D:3      | Noticed Sigmund
  2822 | D:3      | Killed Sigmund
  2822 | D:3      | Reached skill level 5 in Armour
  2822 | D:3      | Reached XP level 6. HP: 12/56 MP: 5/5
  3201 | D:4      | Reached skill level 7 in Maces & Flails
  3207 | D:4      | Reached XP level 7. HP: 42/61 MP: 6/6
  3245 | D:4      | Noticed Menkaure
  3252 | D:4      | Killed Menkaure
  3721 | D:4      | Noticed Natasha
  3727 | D:4      | Killed Natasha
  3730 | D:4      | Noticed Natasha
  3735 | D:4      | Killed Natasha
  3887 | D:4      | Reached skill level 8 in Maces & Flails
  4148 | D:5      | Entered Level 5 of the Dungeon
  4201 | D:5      | Reached XP level 8. HP: 22/68 MP: 7/7
  4432 | D:5      | Found a snail-covered altar of Cheibriados.
  4479 | D:5      | Reached skill level 9 in Maces & Flails
  4568 | D:5      | Reached skill level 1 in Unarmed Combat
  4686 | D:5      | Reached **** piety under Trog
  4693 | D:5      | Found a glowing drain.
  4697 | Sewer    | Entered a sewer
  5030 | D:6      | Found a staircase to the Ecumenical Temple.
  5035 | D:6      | Noticed Akrius's ghost (novice MfTm)
  5047 | D:6      | Killed Akrius's ghost
  5685 | D:6      | Reached XP level 9. HP: 73/79 MP: 8/8
  5698 | D:6      | Reached skill level 5 in Unarmed Combat
  5719 | D:6      | Gained mutation: You are somewhat resistant to further mutation. [potion of beneficial mutation]
  7018 | D:7      | HP: 6/121 [poisoned by a killer bee]
  7021 | D:7      | Succumbed to a killer bee's poison

Vault maps used:
D:1:      lightli_arrival_lavapool
D:2:      minmay_pentomino_v4
D:3:      uniq_sigmund, uniq_robin
D:4:      first_bread, uniq_menkaure, uniq_natasha
D:5:      basic_altar, gup_sewer_entry_spiral, hangedman_decor_peaks_small
D:7:      serial_shops, shop, uniq_prince_ribbit1, uniq_crazy_yiuf_cottage
Sewer:    sewer_co_15_rooms

Skill      XL: |  1  2  3  4  5  6  7  8  9 |
---------------+----------------------------+-----
Fighting       | 4 5 7 8 |  8.1
Maces & Flails | 4 5 6 7 8 9 |  9.1
Armour         | 3 5 7 |  7.8
Unarmed Combat | 4 5 |  5.6
Dodging        | |  2.1

Action                   |  1- 3 |  4- 6 |  7- 9 || total
-------------------------+-------+-------+-------++-------
Melee: Mace              |    72 |    79 |   164 ||   315
       Headbutt          |    12 |    15 |    41 ||    68
       Flail             |       |       |    54 ||    54
Invok: Berserk           |       |     3 |     6 ||     9
       Trog's Hand       |       |       |     1 ||     1
       Burn Spellbooks   |       |       |     1 ||     1
  Use: Scroll            |       |       |     8 ||     8
       Potion            |       |       |    12 ||    12
  Eat: Bread ration      |     1 |     1 |     1 ||     3
       Chunk             |       |     2 |     2 ||     4
       Beef jerky        |       |     1 |     3 ||     4
       Meat ration       |       |       |     2 ||     2
       Royal jelly       |       |       |     1 ||     1
Armor: Animal skin       |     7 |       |       ||     7
       Leather armour    |     4 |       |       ||     4
       Ring mail         |    12 |       |       ||    12
       Robe              |     6 |    18 |    35 ||    59
Dodge: Dodged            |    38 |    41 |   125 ||   204
